 Dungeon Crawl Stone Soup version 0.30-a0-172-gc5509c9e31 (webtiles) character file.

Game seed: 11287780338562558869

652 drugrobin the Trooper (level 7, -2/100 HPs)
             Began as a Demigod Delver on Oct 2, 2022.
             Slain by an iguana (6 damage)
             ... on level 5 of the Dungeon.
             The game lasted 00:09:35 (4117 turns).

drugrobin the Trooper (Demigod Delver)              Turns: 4117, Time: 00:09:37

Health: -2/100     AC: 27    Str: 17    XL:     7   Next: 7%
Magic:  9/9        EV:  2    Int: 12    God:
Gold:   350        SH:  0    Dex: 19    Spells: 6/6 levels left

rFire   . . .      SeeInvis .    a - +0 falchion
rCold   . . .      Faith    .    (no shield)
rNeg    + . .      Spirit   .    (body armour currently unavailable)
rPois   +          Reflect  .    (helmet currently unavailable)
rElec   .          Harm     .    (cloak currently unavailable)
rCorr   .          Rampage  .    (gloves currently unavailable)
Will    .....      NoTele   +    (boots currently unavailable)
Stlth   +.........               (no amulet)
HPRegen 0.36/turn                n - +4 ring of protection
MPRegen 0.11/turn                q - ring of positive energy

@: confused, lethally poisoned (-2 -> -13), tree-form, ambrosia-drunk
A: stationary, stasis, torment immunity, boosted hp, high MP 1, forlorn, divine
attributes
a: no special abilities


You were on level 5 of the Dungeon.
You were a tree.
You visited 1 branch of the dungeon, and saw 5 of its levels.

You collected 350 gold pieces.

Inventory:

Hand Weapons
 a - a +0 falchion (weapon)
 b - a +0 sling
Missiles
 u - 4 poisoned darts (quivered)
Armour
 h - the +1 chain mail of Absolutism (melded) {rF++ Dex-5 Slay+2 Stlth+}
   (You found it on level 5 of the Dungeon)

   Dex:       It affects your dexterity (-5).
   Slay:      It affects your accuracy & damage with ranged weapons and melee
   (+2).
   rF:        It greatly protects you from fire.
   Stlth:     It makes you more stealthy.
 r - a +0 leather armour
 v - a +2 hat of willpower (melded)
Jewellery
 n - a +4 ring of protection (left branch)
 q - a ring of positive energy (right branch)
Wands
 g - a wand of digging (6)
Scrolls
 c - a scroll of fog
 d - 3 scrolls of magic mapping
 i - 6 scrolls of identify
 j - 2 scrolls of vulnerability {unknown}
 k - 3 scrolls of enchant weapon {unknown}
 l - a scroll of noise
 m - 2 scrolls of blinking {unknown}
 p - 2 scrolls of enchant armour {unknown}
Potions
 e - a potion of lignification
 f - 2 potions of haste
 o - a potion of heal wounds {unknown}
 s - a potion of brilliance {unknown}
 t - a potion of ambrosia
 w - 2 potions of curing {unknown}


   Skills:
 + Level 7.8 Fighting
 - Level 1.7 Long Blades
 - Level 1.7 Dodging
 - Level 4.5 Stealth


You had 6 spell levels left.
You didn't know any spells.
Your spell library contained the following spells:

 Spells                   Type           Power      Damage    Failure   Level
 Portal Projectile        Hex/Tloc       0%         N/A       69%         3
 Tukima's Dance           Hex            0%         N/A       69%         3
 Blade Hands              Tmut           0%         N/A       100%        5


Dungeon Overview and Level Annotations

Branches:
Dungeon (5/15)
 Temple: D:4-7

Shops:
D:2 (


Innate Abilities, Weirdness & Mutations

You are a tree.
Your roots penetrate the ground, keeping you stationary.
You cannot be teleported.
You are immune to unholy pain and torment.
Your maximum health is greatly increased.
Your equipment is partially melded.
You have an increased reservoir of magic. (+10% MP)
You shall have no god before yourself.
Your divine heritage dramatically boosts your attributes as you level up.


Message History

Unknown command.
You hit the iguana.
The iguana is severely wounded.
You feel very sick. The iguana barely misses you.
The orc hits you with a +2 dagger of venom.
You are more poisoned.
Unknown command.
You hit the orc but do no damage.
You feel very sick. The iguana bites you!
* * * LOW HITPOINT WARNING * * *
The orc hits you but does no damage. The iguana misses you.
The orc hits you but does no damage.
You are more poisoned.
You hit the orc.
The orc is almost dead.
* * * LOW HITPOINT WARNING * * *
You feel extremely sick. The iguana completely misses you.
The orc barely misses you.
Unknown command.
Unknown command.
Okay, then.
It was a potion of lignification.
You turn into a tree.
Your +2 hat of willpower melds into your body.
The +1 chain mail of Absolutism {rF++ Dex-5 Slay+2 Stlth+} melds into your body.
You feel less strong-willed.
Your roots penetrate the ground.
* * * LOW HITPOINT WARNING * * *
You feel very sick.
The iguana bites you but does no damage.
The orc hits you with a +2 dagger of venom.
* * * LOW HITPOINT WARNING * * *
Unknown command.
It was a potion of ambrosia.
You are confused.
You feel invigorated.
* * * LOW HITPOINT WARNING * * *
You feel very sick. The iguana bites you.
You die...

............#.#######.#
#.##.......#.##....).#
♣
#.##.........##.######
.. ##.>..>..........#
...♣#..##..........###
.≈..'..##...........#
...♣#..............##
≈. ##.########...## .
#.....# #.♣.# ###.##.#
#ol.# #.<..#.# #...#
#.#..#).#g#####...#
.....#..#..........
..#............(....
#.#................. #
##.#..#.#####...###
......#.# .


You could see an iguana and an orc.

Vanquished Creatures
  Edmund (D:2)
  A phantom (D:4)
  A scorpion (D:4)
  A necrophage (D:4)
  A jelly (D:4)
  2 iguanas (D:5)
  An orc wizard (D:4)
  8 gnolls
  3 adders
  A shadow imp (D:4)
  5 worms
  3 dart slugs
  10 orcs
  10 endoplasms
  4 giant cockroaches
  6 goblins
  9 hobgoblins
  9 jackals
  6 quokkas
  8 ball pythons
  4 bats
  4 frilled lizards
  6 kobolds
  4 rats
108 creatures vanquished.

Notes
Turn   | Place    | Note
-------+----------+-------------------------------------------
     0 | D:5      | drugrobin the Demigod Delver began the quest for the Orb.
     0 | D:5      | Reached XP level 1. HP: 18/18 MP: 3/3
     3 | D:5      | Identified the +1 chain mail of Absolutism {rF++ Dex-5
                  | Slay+2 Stlth+}
    54 | D:5      | Noticed an iguana
    54 | D:5      | Noticed an iguana
    93 | D:4      | Reached skill level 3 in Fighting
   327 | D:4      | Reached XP level 2. HP: 26/26 MP: 4/4
   399 | D:4      | Reached skill level 4 in Fighting
   399 | D:4      | Reached XP level 3. HP: 22/33 MP: 5/5
   513 | D:4      | Noticed Edmund
   658 | D:2      | Found Peiddu's Antique Weapon Emporium.
   698 | D:1      | Reached XP level 4. HP: 29/41 MP: 6/6
  1153 | D:1      | Reached skill level 5 in Fighting
  2602 | D:3      | Reached XP level 5. HP: 48/48 MP: 7/7
  2934 | D:2      | Killed Edmund
  2935 | D:2      | Reached skill level 6 in Fighting
  3101 | D:4      | Reached XP level 6. HP: 56/58 MP: 8/8
  3696 | D:4      | Reached skill level 7 in Fighting
  4047 | D:4      | Reached XP level 7. HP: 66/67 MP: 9/9
  4116 | D:5      | HP: 5/100 [orc/+2 dagger of venom (4)]
  4117 | D:5      | Slain by an iguana

Illustrated notes

Levels and vault maps discovered:
D:1:      matt_arrival_refuge, layout_loops_ring,
          hellmonk_ecumenical_altar_zigzags, minmay_pentomino_w2
D:2:      layout_loops_ring, serial_shops, nicolae_shop_behind_doors
D:3:      layout_basic, minmay_fountain_box, minmay_tree_intersection,
          chequers_serial_rivers_small_3, nicolae_kite_square_tiling_tiny,
          grunt_ministairs_11, chequers_avenue
D:4:      minmay_door_path, layout_basic, gammafunk_temple_overflow_elements,
          uniq_crazy_yiuf_cottage, uniq_edmund
D:5:      layout_loops_cross, minmay_temple_entry_butterflies,
          kennysheep_another_room

Skill      XL: |  1  2  3  4  5  6 |
---------------+-------------------+-----
Fighting       | 3 4 5 6 7 |  7.8
Long Blades    | |  1.7
Dodging        | |  1.7
Stealth        | |  4.5

Action                   |  1- 3 |  4- 6 |  7- 9 || total
-------------------------+-------+-------+-------++-------
Melee: Falchion          |   101 |   334 |    16 ||   451
       Punch             |     1 |     1 |       ||     2
 Fire: Sling             |       |     2 |       ||     2
Throw: Dart              |       |     2 |     5 ||     7
  Use: Scroll            |     1 |     1 |       ||     2
       Potion            |       |       |     2 ||     2
Armor: Chain mail        |    63 |   251 |     7 ||   321
       Skin              |       |       |     1 ||     1
Dodge: Dodged            |    30 |   140 |     9 ||   179

Table legend: (Time is in decaauts)
 A = Elapsed time spent in this place.
 B = Non-inter-level travel time spent in this place.
 C = Inter-level travel time spent in this place.
 D = Time resting spent in this place.
 E = Time spent auto-exploring this place.
 F = Levels seen in this place.
 G = Mean time per level.
                   A        B        C        D        E       F      G
               +--------+--------+--------+--------+--------+-----+--------+
         Total |   4227 |   4086 |    141 |    496 |   2247 |   5 |  845.4 |
       Dungeon |   4227 |   4086 |    141 |    496 |   2247 |   5 |  845.4 |
               +--------+--------+--------+--------+--------+-----+--------+

Top non-repeatable levels by time:
     D:4: 1296 daAuts
     D:1: 1030 daAuts
     D:3: 799 daAuts
     D:2: 765 daAuts
     D:5: 335 daAuts
